 Dungeon Crawl Stone Soup version 0.23-a0-639-ga9a3373214 (webtiles) character file.

15192 Acheron the Arsonist (level 12, -8/71 HPs)
             Began as a Gargoyle Gladiator on Dec 28, 2018.
             Was a High Priest of Okawaru.
             Killed from afar by a rime drake (23 damage)
             ... with a flash freeze
             ... on level 5 of the Lair of Beasts on Dec 29, 2018.
             The game lasted 01:59:11 (15546 turns).

Acheron the Arsonist (Gargoyle Gladiator)          Turns: 15546, Time: 01:59:12

Health: -8/71      AC: 23    Str: 16    XL:     12   Next: 24%
Magic:  15/18      EV: 17    Int: 15    God:    Okawaru [*****.]
Gold:   653        SH:  6    Dex: 14    Spells: 8/19 levels left

rFire    . . .     SeeInvis .   G - +3 falchion (elec)
rCold    . . .     Gourm    .   b - +0 buckler
rNeg     + + +     Faith    .   l - +1 ring mail of Veig {rN+++ Str-2 Int+4}
rPois    ∞         Spirit   .   T - +0 helmet
rElec    +         Reflect  .   S - +2 cloak
rCorr    .         Harm     .   V - +0 pair of gloves {archery}
MR       .....                  (no boots)
Stlth    +++++.....             i - amulet of the acrobat
HPRegen  0.21/turn              (no ring)
MPRegen  0.16/turn              (no ring)

@: heroism
A: negative energy resistance 1, electricity resistance, unbreathing,
petrification resistance, rot immunity, AC +8
a: Heroism, Finesse, Renounce Religion


You were on level 5 of the Lair of Beasts.
You worshipped Okawaru.
Okawaru was extremely pleased with you.
You were not hungry.

You visited 3 branches of the dungeon, and saw 17 of its levels.

You collected 653 gold pieces.

Inventory:

Hand Weapons
 a - a +1 rapier
 f - a +2 dagger of draining
   (You took it off a kobold on level 4 of the Dungeon)
 w - a +6 war axe
   (You took it off an orc on level 4 of the Dungeon)
 C - a +0 blowgun
   (You took it off a kobold on level 4 of the Dungeon)
 G - a +3 falchion of electrocution (weapon)
   (You found it on level 5 of the Dungeon)
 H - a +2 dagger of speed
   (You took it off an orc wizard on level 6 of the Dungeon)
Missiles
 n - 178 stones
 q - 23 poisoned needles
 x - 3 throwing nets (quivered) {!f}
 B - 3 silver tomahawks
 F - 63 sling bullets
 I - 6 needles of confusion
Armour
 b - a +0 buckler (worn)
   (You found it on level 6 of the Dungeon)
 l - the +1 ring mail of Veig (worn) {rN+++ Str-2 Int+4}
   (You found it on level 4 of the Dungeon)

   It affects your strength (-2).
   It affects your intelligence (+4).
   It renders you almost immune to negative energy.
 J - a +0 shield
   (You found it on level 4 of the Lair of Beasts)
 S - a +2 cloak (worn)
   (You found it on level 1 of the Lair of Beasts)
 T - a +0 helmet (worn)
   (You found it on level 2 of the Dungeon)
 V - a +0 pair of gloves of archery (worn)
   (Okawaru gifted it to you on level 4 of the Lair of Beasts)
Jewellery
 i - an amulet of the acrobat (around neck)
   (You found it on level 1 of the Dungeon)
 u - an uncursed ring of ice
   (You found it on level 10 of the Dungeon)
 U - an uncursed ring of positive energy {unknown}
   (You found it on level 4 of the Lair of Beasts)
Wands
 d - a wand of iceblast (19)
   (You found it on level 6 of the Dungeon)
 t - a wand of flame (20)
   (You found it on level 3 of the Lair of Beasts)
 P - a wand of polymorph (5)
   (You took it off Maurice on level 10 of the Dungeon)
 Q - a wand of enslavement (11)
   (You found it on level 2 of the Lair of Beasts)
Scrolls
 c - a scroll of magic mapping
 g - 3 scrolls of identify {@r1}
 m - 6 scrolls of amnesia
 s - 5 scrolls of blinking
 K - 3 scrolls of teleportation {@r4}
 M - a scroll of immolation {!r}
 N - 2 scrolls of noise {unknown}
 O - a scroll of remove curse {@r2}
Potions
 j - a potion of magic {unknown}
 k - a potion of brilliance
 o - 3 potions of mutation {!q}
 p - 3 potions of haste {@q3}
 r - 2 potions of curing {@q1}
 v - 2 potions of flight
 z - 3 potions of lignification {!q}
 D - 2 potions of resistance
 E - 3 potions of agility
 L - a potion of ambrosia {unknown}
 R - a potion of invisibility {unknown}
Miscellaneous
 y - a fan of gales
   (You found it on level 3 of the Lair of Beasts)
 A - a sack of spiders
Comestibles
 e - 10 rations {!d}
 h - 11 chunks of flesh


   Skills:
 * Level 6.4(11.4) Fighting
 * Level 5.5(10.6) Short Blades
 + Level 1.3(8.7) Long Blades
 * Level 3.2(8.2) Axes
 + Level 4.5(9.5) Throwing
 + Level 5.0(10.0) Armour
 * Level 5.2(10.2) Dodging
 * Level 7.8(12.8) Stealth
 - Level 4.0(9.0) Shields
 * Level 4.4 Spellcasting
 + Level 3.2 Conjurations
 * Level 2.3 Summonings
 - Level 9.1 Fire Magic
 * Level 2.6 Ice Magic
 * Level 4.7 Invocations
 * Level 3.9 Evocations


You had 8 spell levels left.
You knew the following spells:

 Your Spells              Type           Power        Failure   Level  Hunger
a - Summon Butterflies    Summ           ##......     11%         1    None
b - Call Canine Familiar  Summ           ##......     32%         3    ###....
c - Summon Ice Beast      Ice/Summ       ##......     71%         4    ####...
d - Conjure Flame         Conj/Fire      ###.....     7%          3    ###....

Your spell library contained the following spells:

 Spells                   Type           Power        Failure   Level  Hunger
 Animate Skeleton         Necr           N/A          28%         1    None
 Beastly Appendage        Tmut           #.....       28%         1    None
 Pain                     Necr           #...         28%         1    None
 Poisonous Vapours        Pois/Air       #.....       41%         2    ##.....
 Sticks to Snakes         Tmut           #.......     41%         2    ##.....
 Mephitic Cloud           Conj/Pois/Air  #.......     50%         3    ###....
 Regeneration             Chrm/Necr      #.........   65%         3    ###....
 Spider Form              Tmut/Pois      #.........   65%         3    ###....
 Vampiric Draining        Necr           #.........   65%         3    ###....
 Ice Form                 Ice/Tmut       #.......     86%         4    ####...
 Animate Dead             Necr           N/A          96%         4    ####...
 Summon Demon             Summ           ##........   97%         5    ######.
 Bolt of Draining         Conj/Necr      #.........   99%         5    ######.
 Summon Mana Viper        Hex/Summ       #.......     99%         5    ######.
 Venom Bolt               Conj/Pois      #.........   99%         5    ######.
 Alistair's Intoxication  Tmut/Pois      #.......     100%        5    ######.
 Blade Hands              Tmut           #.........   100%        5    ######.
 Lee's Rapid Deconstruct  Erth           #.........   100%        5    ######.
 Yara's Violent Unravell  Hex/Tmut       #.........   100%        5    ######.
 Freezing Cloud           Conj/Ice/Air   #.........   100%        6    #######
 Ring of Flames           Chrm/Fire      ###.......   100%        7    #######
 Summon Hydra             Summ           ##........   100%        7    #######


Dungeon Overview and Level Annotations

Branches:
Dungeon (11/15)            Temple (1/1) D:4            Lair (5/6) D:10
  Swamp (0/4) Lair:2        Snake (0/4) Lair:4
  Slime: Lair:5-6       Orc: D:9-12

Altars:
Ashenzari
Cheibriados
Dithmenos
Elyvilon
Fedhas
Gozag
Hepliaklqana
Kikubaaqudgha
Makhleb
Nemelex Xobeh
Okawaru
Qazlal
Ru
Sif Muna
Trog
Uskayaw
Vehumet
Wu Jian
Xom
Yredelemnul
Zin
The Shining One

Annotations:
D:4 exclusion: 2 downstairs
D:7 1 runed door, Tinylith's ghost, novice CeHu
D:8 3 runed doors, iamserjio's ghost, novice OpWn
D:9 1 runed door, Shaidar's ghost, novice OpFi
D:10 Fannar
Lair:4 Rupert
Lair:5 exclusion: upstairs


Innate Abilities, Weirdness & Mutations

You are resistant to torment.
Your stone body is resilient. (AC +8)
You are immune to poison.
You resist negative energy. (rN+)
You are resistant to electric shocks. (rElec)
You can survive without breathing.
You are immune to petrification.
You are immune to rotting.


Message History

Something bites the hippogriff!
The hippogriff bites you but does no damage.
You block the hippogriff's attack.
The hippogriff claws you but does no damage.
Something bites the hippogriff!
You slash the hippogriff!
Your butterfly disappears in a puff of smoke!
Something closely misses the hippogriff.
The hippogriff barely misses you.
You riposte.
You hit the hippogriff but do no damage.
The hippogriff pecks you but does no damage.
The hippogriff closely misses you.
You hit the hippogriff.
Lightning courses through the hippogriff!
You kill the hippogriff!
Okawaru accepts your kill.
Unknown command.
You swap places.
Found 19 gold pieces.
There are no items here.
g - 4 scrolls of identify {@r1} (gained 2)
Your butterfly disappears in a puff of smoke!
As you read the scroll of identify {@r1}, it crumbles to dust.
v - 2 potions of flight
As you read the scroll of identify {@r1}, it crumbles to dust.
D - 2 potions of resistance Your butterfly disappears in a puff of smoke!
Found 6 tomahawks.
g - 3 scrolls of identify {@r1} (gained 1)
Your butterfly disappears in a puff of smoke!
You swap places.
Your butterfly disappears in a puff of smoke!
A rime drake comes into view.
The rime drake moves out of view.
Found a lightning rod (4/4).
You now have 653 gold pieces (gained 19).
The wyvern is no longer charmed.
The wyvern bites you but does no damage.
The wyvern closely misses you.
You gain the combat prowess of a mighty hero.
The wyvern barely misses you.
You riposte.
You hit the wyvern. Lightning courses through the wyvern! You hit the wyvern.
Lightning courses through the wyvern!
You kill the wyvern!
Okawaru accepts your kill.
Aim: a rime drake The puff of flame hits the rime drake.
The rime drake breathes ice at you. The flash freeze hits you!
You die...

..# # ..#.P .... ..k..
..... .# ..# ..+PP.#
#.... ...###### #
#####.#.P.P##.#
##########..P..k........
.#.#.##.#.#.....@.......
......##................
...................P....
....P......b...b...b.(..
...†.......b.....b......
...÷#.#P...........#....
....÷.##...b.......#}...
.....####..#..........P.
...### #.##......####...


You could see a rime drake.

Vanquished Creatures
  Maurice (D:10)
  5 black mambas
  4 spiny frogs
  2 rime drakes
  4 komodo dragons
  2 bog bodies (Lair:2)
  6 blink frogs
  7 hippogriffs
  3 wyverns
  4 yaks (Lair:4)
  3 basilisks
  A hungry ghost (D:8)
  3 nagas (Lair:4)
  10 water moccasins
  9 porcupines
  An eye of draining (D:8)
  3 phantoms
  2 sky beasts (D:9)
  A black bear (Lair:2)
  3 wolves (Lair:3)
  5 centaurs
  An ogre (D:7)
  7 crocodiles
  A big kobold (D:8)
  10 bullfrogs
  A wyvern skeleton (D:6)
  A water moccasin zombie (D:6)
  2 scorpions
  3 killer bees (D:10)
  4 howler monkeys
  3 crimson imps
  A bullfrog zombie (D:6)
  2 jellies
  A bullfrog skeleton (D:8)
  9 hounds
  An orc wizard (D:6)
  3 iguanas
  9 worker ants
  2 hound skeletons
  A worker ant zombie (D:5)
  10 adders
  A shadow imp (D:10)
  4 worms
  5 dart slugs
  4 leopard geckos
  21 orcs
  4 giant cockroaches
  9 goblins
  6 hobgoblins
  6 jackals (D:10)
  13 kobolds
  5 quokkas
  4 ball pythons
  5 bats
  4 frilled lizards
  A jackal skeleton (D:4)
  2 leopard gecko skeletons
  A quokka skeleton (D:6)
  3 quokka zombies
  8 rats
  A fungus (Lair:5)
  A plant (Lair:4)
259 creatures vanquished.

Vanquished Creatures (collateral kills)
  A hippogriff (Lair:5)
1 creature vanquished.

Vanquished Creatures (others)
  12 fungi
  9 plants
21 creatures vanquished.

Grand Total: 281 creatures vanquished

Notes
Turn   | Place    | Note
-------+----------+-------------------------------------------
     0 | D:1      | Acheron the Gargoyle Gladiator began the quest for the Orb.
     0 | D:1      | Reached XP level 1. HP: 12/12 MP: 1/1
   244 | D:1      | Reached XP level 2. HP: 10/18 MP: 2/2
   386 | D:1      | Reached skill level 1 in Stealth
   841 | D:1      | Reached XP level 3. HP: 19/22 MP: 3/3
  1200 | D:3      | Noticed an ogre
  1477 | D:3      | Reached skill level 1 in Armour
  1575 | D:3      | Reached XP level 4. HP: 16/27 MP: 4/4
  1892 | D:2      | Found a stormy altar of Qazlal.
  1893 | D:2      | Found a blossoming altar of Fedhas.
  2327 | D:2      | Found a hazy altar of Hepliaklqana.
  2333 | D:2      | Found a basalt altar of Yredelemnul.
  2334 | D:2      | Found a bloodstained altar of Trog.
  2334 | D:2      | Found a shadowy altar of Dithmenos.
  3087 | D:4      | Reached XP level 5. HP: 18/32 MP: 5/5
  3276 | D:4      | Got a polished ring mail
  3282 | D:4      | Identified the cursed +1 ring mail of Veig {rN+++ Str-2
                  | Int+4} (You found it on level 4 of the Dungeon)
  3305 | D:5      | Entered Level 5 of the Dungeon
  3515 | D:4      | Found a staircase to the Ecumenical Temple.
  3550 | Temple   | Entered the Ecumenical Temple
  3831 | Temple   | Became a worshipper of Warmaster Okawaru
  3890 | D:4      | Reached skill level 1 in Spellcasting
  3948 | D:4      | Reached XP level 6. HP: 33/37 MP: 7/7
  4482 | D:4      | Found a deep blue altar of Sif Muna.
  5069 | D:5      | Reached * piety under Okawaru
  5184 | D:6      | Noticed a phantom
  5224 | D:6      | Reached XP level 7. HP: 40/41 MP: 9/9
  5292 | D:6      | Found a burning altar of Makhleb.
  5358 | D:7      | Found an iron altar of Okawaru.
  5502 | D:7      | Reached ** piety under Okawaru
  5609 | D:7      | Noticed a hornet
  5765 | D:7      | Reached skill level 5 in Stealth
  5786 | D:7      | Found a runed door.
  5787 | D:7      | Noticed Tinylith's ghost (novice CeHu)
  5822 | D:7      | Reached XP level 8. HP: 48/48 MP: 11/11
  6164 | D:6      | Found a hide-covered altar of Uskayaw.
  6171 | D:6      | Noticed a +0 hand axe
  6171 | D:6      | Noticed a +0 dagger
  6243 | D:7      | Learned a level 3 spell: Conjure Flame
  6540 | D:8      | Reached skill level 1 in Shields
  6556 | D:8      | Reached *** piety under Okawaru
  6556 | D:8      | Reached skill level 1 in Invocations
  6556 | D:8      | Reached skill level 1 in Evocations
  6571 | D:8      | Identified Advanced Wizardry
  6759 | D:8      | Noticed a two-headed ogre
  6759 | D:8      | Noticed iamserjio's ghost (novice OpWn)
  6760 | D:8      | Noticed a centaur warrior
  6764 | D:8      | Noticed a hippogriff
  6767 | D:8      | Found a runed gate.
  6767 | D:8      | Found a runed gate.
  6767 | D:8      | Noticed a wyvern
  6963 | D:8      | Reached skill level 1 in Axes
  6963 | D:8      | Reached XP level 9. HP: 37/52 MP: 13/13
  7075 | D:8      | Found a runed gate.
  8064 | D:9      | Found a runed door.
  8067 | D:9      | Noticed Shaidar's ghost (novice OpFi)
  8072 | D:9      | Identified the cursed +3 trident "Arbiter" {elec, Int+2
                  | SInv Stlth+}
  8102 | D:9      | Found a shattered altar of Ashenzari.
  8131 | D:9      | Reached **** piety under Okawaru
  8131 | D:9      | Reached skill level 5 in Fighting
  8131 | D:9      | Reached skill level 1 in Conjurations
  8231 | D:9      | Reached skill level 1 in Fire Magic
  8458 | D:10     | Entered Level 10 of the Dungeon
  8661 | D:10     | Noticed a two-headed ogre
  9272 | D:10     | Noticed Maurice
  9294 | D:11     | Noticed a queen bee
  9323 | D:10     | Reached XP level 10. HP: 32/59 MP: 14/14
  9408 | D:10     | Killed Maurice
  9408 | D:10     | Reached skill level 2 in Fire Magic
  9527 | D:10     | Learned a level 1 spell: Summon Butterflies
  9531 | D:10     | Learned a level 3 spell: Call Canine Familiar
  9537 | D:10     | Noticed Fannar
  9781 | D:10     | Found a staircase to the Lair.
  9807 | D:10     | Reached skill level 3 in Fire Magic
  9822 | D:10     | Reached skill level 4 in Fire Magic
 10073 | Lair:1   | Entered Level 1 of the Lair of Beasts
 10223 | Lair:2   | Noticed a black mamba
 10241 | Lair:2   | Killed a black mamba
 10241 | Lair:2   | Received a gift from Okawaru
 10241 | Lair:2   | Reached skill level 5 in Fire Magic
 10745 | Lair:2   | Reached skill level 6 in Fire Magic
 10872 | Lair:3   | Noticed a black mamba
 10878 | Lair:3   | Killed a black mamba
 10904 | Lair:3   | Reached skill level 7 in Fire Magic
 11030 | Lair:3   | Noticed a black mamba
 11120 | Lair:3   | Killed a black mamba
 11120 | Lair:3   | Reached skill level 8 in Fire Magic
 11261 | Lair:2   | Reached XP level 11. HP: 18/64 MP: 14/16
 11374 | Lair:3   | Received a gift from Okawaru
 11619 | Lair:3   | Reached skill level 9 in Fire Magic
 11755 | Lair:2   | Found a staircase to the Swamp.
 11885 | Lair:2   | Learned a level 4 spell: Summon Ice Beast
 12533 | Lair:1   | Reached skill level 1 in Summonings
 12721 | Lair:1   | Reached skill level 5 in Short Blades
 12725 | Lair:1   | Reached ***** piety under Okawaru
 13407 | Lair:1   | Reached skill level 1 in Ice Magic
 13416 | Lair:1   | HP: 2/64 [blink frog (13)]
 14153 | Lair:4   | Noticed Rupert
 14376 | Lair:4   | Found a staircase to the Snake Pit.
 14402 | Lair:4   | Reached skill level 5 in Dodging
 14536 | Lair:5   | Reached skill level 1 in Long Blades
 14540 | Lair:5   | Noticed a five-headed hydra
 15021 | Lair:4   | Received a gift from Okawaru
 15037 | Lair:4   | Reached XP level 12. HP: 67/70 MP: 18/18
 15342 | Lair:5   | Upgraded the game from 0.23-a0-636-g0ff605794f to
                  | 0.23-a0-639-ga9a3373214
 15457 | Lair:5   | Reached skill level 5 in Armour
 15546 | Lair:5   | Killed from afar by a rime drake

Vault maps used:
D:1:      psy_arrival_radial01, minmay_bisected
D:2:      grunt_temple_overflow_forces_of_nature, minitemple, first_ration,
          chequers_big_river, wad_floor_pattern_1
D:4:      corexii_shack_village, lemuel_doored_altar, minmay_temple_entry_glass
D:5:      kennysheep_generic_room_8, uniq_pikel
D:6:      kennysheep_little_box, dancing_weapons_uskayaw
D:7:      gammafunk_ghost_grave, okawaru_gym_becter
D:8:      minmay_clustersquares, gammafunk_ghost_split
D:9:      lemuel_crystal_altar, ebering_ghost_funeral_grove
D:10:     david_lair_generic, uniq_maurice, uniq_fannar
D:11:     portal_ice_cave_entry_pillars_2, david_nohive_1, chequers_mini_garden,
          kennysheep_generic_room_9, uniq_sonja
Temple:   minmay_temple_forest_path
Lair:2:   skrybe_swamp_entry_bodies, grunt_megastairs_3
Lair:3:   serial_bayou_pond_e
Lair:4:   minmay_snake_entry_guardpost_small, uniq_rupert
Lair:5:   special_room, serial_bayou_pond_a

Skill      XL: |  1  2  3  4  5  6  7  8  9 10 11 12 |
---------------+-------------------------------------+-----
Stealth        | 1 2 3 4 5 6 7 |  7.8
Throwing       | 2 3 4 |  4.5
Armour         | 1 2 3 4 5 |  5.0
Short Blades   | 3 4 5 |  5.5
Fighting       | 3 4 5 6 |  6.4
Spellcasting   | 1 2 3 4 |  4.4
Dodging        | 3 4 5 |  5.2
Shields        | 1 3 4 |  4.0
Invocations    | 1 3 4 |  4.7
Evocations     | 1 2 3 |  3.9
Axes           | 1 2 3 |  3.2
Conjurations   | 2 3 |  3.2
Fire Magic     | 1 8 9 |  9.1
Summonings     | 2 |  2.3
Ice Magic      | 2 |  2.6
Long Blades    | 1 |  1.3

Action                   |  1- 3 |  4- 6 |  7- 9 | 10-12 || total
-------------------------+-------+-------+-------+-------++-------
Melee: Rapier            |    95 |   316 |    75 |       ||   486
       Falchion          |       |       |   241 |   424 ||   665
       Dagger            |       |       |    28 |    23 ||    51
       War axe           |       |       |       |    57 ||    57
Throw: Throwing net      |       |       |       |     1 ||     1
 Cast: Summon Butterflie |       |       |       |     6 ||     6
Invok: Heroism           |       |       |     2 |    23 ||    25
       Finesse           |       |       |       |     1 ||     1
Evoke: Wand              |       |       |       |     4 ||     4
  Use: Scroll            |     7 |     6 |     7 |    15 ||    35
       Potion            |       |       |       |     5 ||     5
 Stab: Sleeping          |     1 |     5 |     7 |    12 ||    25
       Distracted        |       |       |     2 |     1 ||     3
  Eat: Chunk             |     2 |     4 |     4 |     9 ||    19
       Ration            |       |     3 |     4 |     3 ||    10
Armor: Leather armour    |    28 |    39 |       |       ||    67
       Ring mail         |       |    89 |   164 |   206 ||   459
Dodge: Dodged            |    56 |   249 |   242 |   300 ||   847
Block: Buckler           |       |       |    40 |   127 ||   167
       Rpst.: Falchion   |       |       |    54 |    79 ||   133

Table legend:
 A = Non-vault XP
 B = Vault XP
 C = Vault XP percentage of total XP
 D = Non-vault monster count
 E = Vault monster count
 F = Vault count percentage of total count
                 A         B        C        D         E       F
            +---------+---------+-------+---------+---------+-------
      Total |   17752 |    3951 |  18.2 |     219 |      39 |  15.1
            +---------+---------+-------+---------+---------+-------
        D:1 |      36 |       3 |   7.7 |      16 |       2 |  11.1
        D:2 |      44 |       0 |   0.0 |      17 |       0 |   0.0
        D:3 |      74 |       0 |   0.0 |      21 |       0 |   0.0
        D:4 |     293 |      30 |   9.3 |      19 |      13 |  40.6
        D:5 |      55 |       2 |   3.5 |       3 |       1 |  25.0
        D:6 |     610 |       0 |   0.0 |      21 |       0 |   0.0
        D:7 |     505 |       0 |   0.0 |      12 |       0 |   0.0
        D:8 |    1001 |     428 |  30.0 |      15 |       6 |  28.6
        D:9 |    1141 |       0 |   0.0 |      13 |       0 |   0.0
       D:10 |     835 |    1016 |  54.9 |      20 |       5 |  20.0
       D:11 |      88 |       0 |   0.0 |       1 |       0 |   0.0
     Lair:1 |    2858 |       0 |   0.0 |      14 |       0 |   0.0
     Lair:2 |    3240 |     683 |  17.4 |      14 |       3 |  17.6
     Lair:3 |    3187 |       0 |   0.0 |      16 |       0 |   0.0
     Lair:4 |    2595 |     473 |  15.4 |      13 |       3 |  18.8
     Lair:5 |    1190 |    1316 |  52.5 |       4 |       6 |  60.0
            +---------+---------+-------+---------+---------+-------
